 Dungeon Crawl Stone Soup version 0.21.1-1-g345015f (webtiles) character file.

1341 FortyBot the Cleaver (level 8, -1/70 HPs)
             Began as a Hill Orc Monk on Mar 10, 2018.
             Was a Priest of Beogh.
             Slain by a troll (3 damage)
             ... on level 4 of the Dungeon.
             The game lasted 00:48:00 (8401 turns).

FortyBot the Cleaver (Hill Orc Monk)                Turns: 8401, Time: 00:48:01

Health: -1/70      AC: 14    Str: 16    XL:     8   Next: 62%
Magic:  12/12      EV:  7    Int: 10    God:    Beogh [***...]
Gold:   183        SH:  0    Dex: 13    Spells: 7/7 levels left

rFire    . . .     SeeInvis .   a - +0 battleaxe
rCold    . . .     Gourm    .   (shield currently unavailable)
rNeg     . . .     Faith    .   o - +0 chain mail
rPois    .         Spirit   .   k - +0 helmet
rElec    .         Reflect  .   B - +0 cloak
rCorr    .         Harm     .   y - +0 pair of gloves
MR       .....                  j - +0 pair of boots
Stlth    ..........             (no amulet)
HPRegen  0.21/turn              (no ring)
MPRegen  0.13/turn              (no ring)

@: no status effects
A: no striking features
a: Smiting, Renounce Religion


You were on level 4 of the Dungeon.
You worshipped Beogh.
Beogh was most pleased with you.
You were not hungry.

You visited 1 branch of the dungeon, and saw 6 of its levels.

You collected 183 gold pieces.

Inventory:

Hand Weapons
 a - a +0 battleaxe (weapon)
 b - a +0 hunting sling
 x - a +0 war axe
Missiles
 n - 123 stones (quivered)
Armour
 j - a +0 pair of boots (worn)
 k - a +0 helmet (worn)
 o - a +0 chain mail (worn)
 y - a +0 pair of gloves (worn)
 B - a +0 cloak (worn)
Jewellery
 t - an uncursed ring of wizardry
 w - an uncursed ring of wizardry
Wands
 z - a wand of iceblast (4)
 A - a wand of acid (6)
Scrolls
 f - a scroll of amnesia
 h - 3 scrolls of magic mapping
 p - a scroll of teleportation
 r - 3 scrolls of remove curse
 s - 2 scrolls of fog
 v - a scroll of fear
Potions
 d - 3 potions of lignification
 e - a potion of mutation
 g - 3 potions of heal wounds {unknown}
 i - 3 potions of flight
 l - a potion of ambrosia {unknown}
 m - 2 potions of curing
 q - a potion of haste {unknown}
 u - 2 potions of might {unknown}
Comestibles
 c - 7 rations


   Skills:
 + Level 5.6 Fighting
 * Level 10.5 Axes
 - Level 4.0 Armour
 - Level 2.4 Dodging
 - Level 1.5 Stealth
 + Level 5.5 Invocations


You had 7 spell levels left.
You didn't know any spells.

Dungeon Overview and Level Annotations

Branches:
Dungeon (6/15)             Temple (0/1) D:4

Altars:
Fedhas
Hepliaklqana
Nemelex Xobeh
Qazlal
Ru
Trog
Vehumet
Wu Jian
Zin

Shops:
D:4 *

Annotations:
D:4 (yuif)


Message History

Press: ? - help, Shift-Dir - straight line, f/p - troll
Aim: a troll (heavily wounded) That beam is likely to hit you.
Continue anyway?
Okay, then.
Unknown command.
Unknown command.
Evoke which item? (* to show all) (? for menu, Esc to quit)
Aiming: Corrosive Bolt
Press: ? - help, Shift-Dir - straight line, f/p - troll
Aim: a troll (heavily wounded)
The bolt of acid misses the troll.
The troll bites you!
* * * LOW HITPOINT WARNING * * *
The troll claws you.
* * * LOW HITPOINT WARNING * * *
The troll barely misses you.
Something closely misses the troll.
The troll bites you!
* * * LOW HITPOINT WARNING * * *
The troll claws you.
You die...

### #.# #<##
################
##..###..............#
..o.....########...#######
####.########............#
#o#.....###.#.###.###.#
#.#.....# #.#.# #.# #.##
#.......# #o#@###'###..#
##.##.### #o#T###_'....#
#.##...###.#.###'###..#
#####....#..##.#o# #.# #..#
.........##..#.o.###.###..#
####.....###..#...........#
# #.....####.........###.#
# ###.#...####.......##..#
.# ###.#...........#####..#


You could see a troll, a friendly orc warrior and a friendly orc.

Vanquished Creatures
  A centaur (D:6)
  4 scorpions
  2 howler monkeys
  A bullfrog zombie (D:5)
  A centaur skeleton (D:5)
  An orc priest (D:6)
  2 jellies (D:6)
  3 orc wizards
  A bullfrog skeleton (D:4)
  2 iguanas
  3 worker ants
  A hound zombie (D:6)
  A hound skeleton (D:5)
  Robin (D:2)
  4 gnolls
  12 adders
  2 shadow imps (D:5)
  2 oozes
  A worm (D:1)
  5 dart slugs
  6 leopard geckos
  7 orcs
  4 bats
  4 giant cockroaches
  18 goblins
  12 hobgoblins
  7 jackals
  3 quokkas
  A ball python skeleton (D:4)
  7 frilled lizards
  8 kobolds
  A leopard gecko skeleton (D:4)
  8 rats
  A fungus (D:4)
137 creatures vanquished.

Vanquished Creatures (collateral kills)
  Sigmund (D:6)
  An orc warrior (D:6)
  A bullfrog (D:6)
  Crazy Yiuf (D:4)
  An orc wizard (D:6)
5 creatures vanquished.

Vanquished Creatures (others)
  An adder (D:3)
  3 orcs
  A goblin (D:3)
  A fungus (D:4)
6 creatures vanquished.

Grand Total: 148 creatures vanquished

Notes
Turn   | Place    | Note
-------+----------+-------------------------------------------
     0 | D:1      | FortyBot the Hill Orc Monk began the quest for the Orb.
     0 | D:1      | Reached XP level 1. HP: 19/19 MP: 1/1
   273 | D:1      | Reached XP level 2. HP: 25/27 MP: 2/2
   692 | D:1      | Reached skill level 5 in Axes
   760 | D:1      | Reached XP level 3. HP: 28/33 MP: 3/3
  1554 | D:2      | Reached XP level 4. HP: 36/41 MP: 4/4
  1761 | D:1      | Reached skill level 6 in Axes
  2251 | D:2      | Noticed Robin
  2261 | D:2      | Killed Robin
  2261 | D:2      | Reached XP level 5. HP: 46/47 MP: 5/5
  3055 | D:3      | Reached skill level 5 in Fighting
  3252 | D:3      | Became a worshipper of Beogh the Brigand
  3252 | D:3      | Reached * piety under Beogh
  3252 | D:3      | Reached ** piety under Beogh
  4163 | D:3      | Reached skill level 7 in Axes
  4163 | D:3      | Reached skill level 1 in Invocations
  4460 | D:3      | Reached skill level 1 in Armour
  4509 | D:4      | Found Zin's Purification Station.
  4510 | D:4      | Found a glowing silver altar of Zin.
  4757 | D:4      | Found a sacrificial altar of Ru.
  4757 | D:4      | Found an ornate altar of the Wu Jian Council.
  4759 | D:4      | Found a stormy altar of Qazlal.
  4822 | D:4      | Found a runed door.
  4846 | D:4      | Reached XP level 6. HP: 43/56 MP: 5/7
  5060 | D:4      | Noticed a troll
  5136 | D:4      | Found a sparkling altar of Nemelex Xobeh.
  5421 | D:4      | Found a staircase to the Ecumenical Temple.
  5480 | D:4      | Reached skill level 8 in Axes
  5585 | D:4      | Reached XP level 7. HP: 61/61 MP: 7/9
  5633 | D:5      | Entered Level 5 of the Dungeon
  5972 | D:5      | Found a bloodstained altar of Trog.
  6035 | D:5      | Reached *** piety under Beogh
  6403 | D:5      | Found a radiant altar of Vehumet.
  6404 | D:5      | Found a blossoming altar of Fedhas.
  6576 | D:5      | Reached skill level 9 in Axes
  7391 | D:6      | Found a hazy altar of Hepliaklqana.
  7474 | D:6      | Reached XP level 8. HP: 52/68 MP: 11/11
  7879 | D:6      | Noticed Sigmund
  7886 | D:6      | Reached skill level 10 in Axes
  7891 | D:6      | Reached skill level 5 in Invocations
  7920 | D:6      | Killed Sigmund
  8257 | D:4      | Noticed Crazy Yiuf
  8263 | D:4      | Killed Crazy Yiuf
  8298 | D:4      | Found Zin's Purification Station.
  8302 | D:4      | Found a glowing silver altar of Zin.
  8318 | D:4      | Found a staircase to the Ecumenical Temple.
  8401 | D:4      | HP: 2/70 [troll (13)]
  8401 | D:4      | Slain by a troll

Skill      XL: |  1  2  3  4  5  6  7  8 |
---------------+-------------------------+-----
Fighting       | 4 5 |  5.6
Axes           | 5 6 7 8 9 10 | 10.5
Invocations    | 1 2 4 5 |  5.5
Armour         | 1 2 3 4 |  4.0
Dodging        | |  2.4
Stealth        | |  1.5

Action                   |  1- 3 |  4- 6 |  7- 9 || total
-------------------------+-------+-------+-------++-------
Melee: Hand axe          |   142 |   295 |   175 ||   612
       Battleaxe         |       |       |    11 ||    11
 Fire: Hunting sling     |       |    32 |    18 ||    50
Throw: Stone             |     4 |    27 |    10 ||    41
Invok: Convert to Beogh  |       |     1 |       ||     1
Evoke: Wand              |       |       |     1 ||     1
  Use: Scroll            |     7 |     4 |     3 ||    14
       Potion            |       |       |     1 ||     1
 Stab: Distracted        |       |       |     1 ||     1
  Eat: Chunk             |     1 |     7 |       ||     8
       Ration            |     1 |     1 |     3 ||     5
Armor: Ring mail         |    39 |    28 |       ||    67
       Chain mail        |       |    86 |    88 ||   174
Dodge: Dodged            |    70 |   116 |    47 ||   233
